 Dungeon Crawl Stone Soup version 0.30-a0-586-g23e55c9e0a (webtiles) character file.

Game seed: 6586388913644286741

670 cforsyth the Ruffian (level 7, -2/64 HPs)
             Began as a Ghoul Monk on Jan 3, 2023.
             Slain by an ice beast (3 damage)
             ... on level 7 of the Dungeon.
             The game lasted 00:08:17 (4975 turns).

cforsyth the Ruffian (Ghoul Monk)                   Turns: 4975, Time: 00:08:18

Health: -2/64      AC: 14    Str: 17    XL:     7   Next: 58%
Magic:  6/6        EV:  5    Int:  5    God:
Gold:   169        SH:  0    Dex: 11    Spells: 6/6 levels left

rFire   . . .      SeeInvis .      - Unarmed
rCold   + . .      Faith    .    (no shield)
rNeg    + + +      Spirit   .    q - +0 plate armour
rPois   ∞          Reflect  .    (no helmet)
rElec   .          Harm     .    (no cloak)
rCorr   .          Rampage  .    p - +2 pair of gloves
Will    .....                    (no boots) Stlth
                                 (no amulet)
HPRegen 0.00/turn                (no ring)
MPRegen 0.10/turn                (no ring)

@: mighty, inhibited regen
A: claws 1, cold resistance 1, negative energy resistance 3, inhibited
regeneration, torment resistance 2, devour on kill
a: no special abilities


You were on level 7 of the Dungeon.
You visited 1 branch of the dungeon, and saw 6 of its levels.

You collected 169 gold pieces.

Inventory:

Missiles
 f - 2 throwing nets (quivered)
Armour
 p - a +2 pair of gloves (worn)
 q - a +0 plate armour (worn)
Scrolls
 a - a scroll of fog
 g - a scroll of poison {unknown}
 i - a scroll of immolation {unknown}
 k - a scroll of teleportation {unknown}
 n - 2 scrolls of magic mapping
 r - 2 scrolls of identify
Potions
 b - a potion of ambrosia
 c - 2 potions of brilliance
 d - 3 potions of curing
 e - a potion of invisibility {unknown}
 h - a potion of might
 j - 2 potions of flight {unknown}
 l - 2 potions of heal wounds
 m - a potion of mutation {unknown}


   Skills:
 + Level 6.6 Fighting
 + Level 2.4 Armour
 - Level 2.6 Dodging
 - Level 2.1 Stealth
 + Level 6.6 Unarmed Combat


You had 6 spell levels left.
You didn't know any spells.
Your spell library contained the following spells:

 Spells                   Type           Power      Damage    Failure   Level
 Portal Projectile        Hex/Tloc       0%         N/A       100%        3
 Tukima's Dance           Hex            0%         N/A       100%        3
 Blade Hands              Tmut           Unusable   N/A       N/A         5

Dungeon Overview and Level Annotations

Branches:
Dungeon (5/15)
 Temple: D:4-7

Altars:

Shops:
D:5 (

Annotations:
D:7 Maggie


Innate Abilities, Weirdness & Mutations

You are immune to poison.
You have sharp fingernails.
Your flesh is cold resistant. (rC+)
You are immune to negative energy. (rN+++)
You do not regenerate when monsters are visible.
You are immune to unholy pain and torment.
You thrive by killing the living.


Message History

* * * LOW HITPOINT WARNING * * *
The ice beast hits you but does no damage.
Unknown command.
You closely miss Maggie.
Maggie is severely wounded.
The ice beast hits you.
* * * LOW HITPOINT WARNING * * *
The ice beast freezes you. You resist.
* * * LOW HITPOINT WARNING * * *
Maggie hits you but does no damage.
Unknown command.
You barely miss Maggie.
Maggie is severely wounded.
Unknown command.
As you read the scroll labelled CICLOGGAAF, it crumbles to dust.
The scroll dissolves into smoke.
It was a scroll of fog.
Maggie hits you but does no damage. The ice beast hits you.
* * * LOW HITPOINT WARNING * * *
The ice beast freezes you. You resist.
* * * LOW HITPOINT WARNING * * *
The ice beast attacks as you move away!
The ice beast hits you but does no damage.
You break out of your daze.
Maggie closely misses you.
Unknown command.
The ice beast attacks as you move away!
The ice beast hits you but does no damage.
Unknown command.
As you read the scroll labelled BEL MIHAVYNE, it crumbles to dust.
You assume a fearsome visage.
Maggie looks frightened!
The ice beast resists with some effort.
It was a scroll of fear.
As you read the scroll labelled ULUBRU PEVVEB, it crumbles to dust.
It is a scroll of brand weapon.
You aren't carrying any weapons that can be branded.
Maggie almost stumbles in trying to escape.
Maggie mumbles some strange words.
The ice beast hits you.
* * * LOW HITPOINT WARNING * * *
The ice beast freezes you. You resist.
You die...

#... ... .##. ###...
..) ... . ..... #.#.@.
.. #... #.#.# #.
#...##§..
..#########§§§###
.#.#...#≈≈~≈#§@§§§#
.......#≈~≈~#.#Y#§#
#...'~≈~≈'.#@#§§.
#...#.##≈~≈~###§####.#
# # #≈≈~≈# #.# .#
###### ..# # #.# #.#
#.# #.#


You could see Maggie (fleeing) and an ice beast.

Vanquished Creatures
  Eustachio (D:4)
  A sky beast (D:4)
  2 vampire bats (D:3)
  An orc priest (D:3)
  3 hounds (D:4)
  2 orc wizards
  7 gnolls
  2 adders
  An ufetubus (D:4)
  3 dart slugs
  11 orcs
  11 bats
  7 endoplasms
  9 goblins
  8 hobgoblins
  10 kobolds
  4 quokkas
  10 ball pythons
  2 frilled lizards
  7 rats
102 creatures vanquished.

Notes
Turn   | Place    | Note
-------+----------+-------------------------------------------
     0 | D:1      | cforsyth the Ghoul Monk began the quest for the Orb.
     0 | D:1      | Reached XP level 1. HP: 19/19 MP: 0/0
    77 | D:1      | Reached XP level 2. HP: 26/26 MP: 1/1
   353 | D:1      | Reached XP level 3. HP: 33/33 MP: 2/2
  1255 | D:2      | Reached XP level 4. HP: 39/41 MP: 3/3
  1844 | D:3      | Found a faded altar of an unknown god.
  2080 | D:3      | Reached skill level 5 in Fighting
  2080 | D:3      | Reached skill level 5 in Unarmed Combat
  2080 | D:3      | Reached XP level 5. HP: 44/48 MP: 4/4
  2336 | D:3      | Reached XP level 6. HP: 50/56 MP: 5/5
  3705 | D:4      | Noticed a sky beast
  3735 | D:4      | Killed a sky beast
  3736 | D:4      | Reached skill level 1 in Armour
  3736 | D:4      | Reached XP level 7. HP: 43/63 MP: 6/6
  3872 | D:5      | Entered Level 5 of the Dungeon
  4204 | D:5      | Found Wuas Qur's Antique Weapon Emporium.
  4235 | D:5      | Noticed Eustachio
  4735 | D:4      | Killed Eustachio
  4934 | D:5      | You fall into a shaft and drop 2 floors!
  4943 | D:7      | Noticed Maggie
  4971 | D:7      | HP: 2/64 [ice beast (4)]
  4975 | D:7      | Slain by an ice beast

Illustrated notes

Levels and vault maps discovered:
D:1:      minmay_arrival_solitary_statue, layout_basic
D:2:      layout_basic
D:3:      layout_loops_ring, mainiacjoe_overflow_big_doors,
          ebering_ecumenical_altar_rust, roderic_batcave, minmay_misc_feat_tiny
D:4:      layout_rooms, amcnicky_mini_pool_small
D:5:      layout_cave_pods, serial_shops, nicolae_stop_n_shop_2,
          kennysheep_generic_room_10, uniq_eustachio
D:7:      layout_loops_ring, serial_rivers, chequers_serial_rivers_room_b,
          chequers_serial_rivers_marsh, chequers_serial_rivers_small_b,
          chequers_serial_rivers_micro_d, chequers_serial_rivers_room_b,
          uniq_maggie

Skill      XL: |  1  2  3  4  5  6  7 |
---------------+----------------------+-----
Unarmed Combat | 4 5 6 |  6.6
Fighting       | 4 5 6 |  6.6
Armour         | 1 2 |  2.4
Dodging        | |  2.6
Stealth        | |  2.1

Action                   |  1- 3 |  4- 6 |  7- 9 || total
-------------------------+-------+-------+-------++-------
Melee: Unarmed           |   108 |   199 |   102 ||   409
       Punch             |     2 |     4 |     3 ||     9
  Use: Scroll            |       |     4 |     5 ||     9
       Potion            |       |       |     1 ||     1
 Stab: Sleeping          |     4 |     1 |       ||     5
Armor: Robe              |    21 |    41 |       ||    62
       Plate armour      |       |    40 |   225 ||   265
       Chain mail        |       |     1 |       ||     1
Dodge: Dodged            |    63 |    96 |    82 ||   241

Table legend: (Time is in decaauts)
 A = Elapsed time spent in this place.
 B = Non-inter-level travel time spent in this place.
 C = Inter-level travel time spent in this place.
 D = Time resting spent in this place.
 E = Time spent auto-exploring this place.
 F = Levels seen in this place.
 G = Mean time per level.
                   A        B        C        D        E       F      G
               +--------+--------+--------+--------+--------+-----+--------+
         Total |   4955 |   4765 |    190 |   1287 |   2411 |   6 |  825.8 |
       Dungeon |   4955 |   4765 |    190 |   1287 |   2411 |   6 |  825.8 |
               +--------+--------+--------+--------+--------+-----+--------+

Top non-repeatable levels by time:
     D:4: 1636 daAuts
     D:3: 1392 daAuts
     D:1: 978 daAuts
     D:2: 696 daAuts
     D:5: 209 daAuts
     D:7: 41 daAuts
